 Dungeon Crawl Stone Soup version 0.29.0-15-g675c0067aa (webtiles) character file.

Game seed: 11583395526058437144

150 MisterFreud the Cudgeller (level 5, -6/32 HPs)
             Began as a Gargoyle Fighter on Sept 11, 2022.
             Was a Believer of Vehumet.
             Mangled by an ogre
             ... wielding a +0 giant spiked club
              (29 damage)
             ... on level 4 of the Dungeon.
             The game lasted 00:02:44 (3293 turns).

MisterFreud the Cudgeller (Gargoyle Fighter)        Turns: 3293, Time: 00:02:45

Health: -6/32      AC: 10    Str: 22    XL:     5   Next: 32%
Magic:  5/5        EV:  9    Int:  8    God:    Vehumet [**....]
Gold:   136        SH:  4    Dex:  9    Spells: 4/4 levels left

rFire   . . .      SeeInvis +   a - +0 flail
rCold   . . .      Faith    .   c - +0 buckler
rNeg    + + .      Spirit   .   b - +0 scale mail
rPois   ∞          Reflect  .   (no helmet)
rElec   +          Harm     .   (no cloak)
rCorr   .          Rampage  .   (no gloves)
Will    .....                   (no boots)
Stlth   ..........              (no amulet)
HPRegen 0.10/turn               o - ring of positive energy
MPRegen 0.09/turn               m - ring of see invisible

@: no status effects
A: sickness immunity, AC +4, negative energy resistance 1, electricity
resistance, torment resistance 1, petrification resistance
a: Renounce Religion


You were on level 4 of the Dungeon.
You worshipped Vehumet.
Vehumet was pleased with you.
You visited 1 branch of the dungeon, and saw 4 of its levels.

You collected 184 gold pieces.
You spent 48 gold pieces at shops.

Inventory:

Hand Weapons
 a - a +0 flail (weapon)
Missiles
 p - 8 poisoned darts (quivered)
Armour
 b - a +0 scale mail (worn)
 c - a +0 buckler (worn)
Jewellery
 m - a ring of see invisible (right hand)
 o - a ring of positive energy (left hand)
Scrolls
 f - a scroll of fear
 k - a scroll of immolation
 s - a scroll of teleportation
Potions
 d - a potion of might
 e - a potion of attraction {unknown}
 g - a potion of ambrosia {unknown}
 h - 3 potions of degeneration {unknown}
 j - 3 potions of curing
 l - a potion of haste {unknown}
 n - 2 potions of mutation {unknown}
 q - a potion of lignification {unknown}
 t - a potion of heal wounds {unknown}


   Skills:
 - Level 3.2 Fighting
 + Level 5.3 Maces & Flails
 - Level 3.2 Armour
 - Level 3.2 Shields


You had 4 spell levels left.
You didn't know any spells.
Your spell library contained the following spells:

 Spells                   Type           Power      Damage    Failure   Level
 Static Discharge         Conj/Air       0%         3-3/arc   92%         2
 Magic Dart               Conj           0%         1d3       83%         1
 Call Imp                 Summ           0%         N/A       92%         2
 Mephitic Cloud           Conj/Pois/Air  0%         N/A       99%         3


Dungeon Overview and Level Annotations

Branches:
Dungeon (4/15)
 Temple: D:4-7

Altars:
Vehumet

Shops:
D:2 *


Innate Abilities, Weirdness & Mutations

You are immune to sickness and miasma.
Your stone body is resilient. (AC +4)
You are immune to poison.
You resist negative energy. (rN+)
You are resistant to electric shocks. (rElec)
You are resistant to unholy torment.
You are immune to petrification.


Message History

You closely miss the adder.
The adder is almost dead.
The adder bites you but does no damage.
You hit the adder.
You kill the adder!
Vehumet accepts your kill.
HP restored.
You now have 122 gold pieces (gained 10).
You see here an adder corpse.
You now have 136 gold pieces (gained 14).
An ogre comes into view. It is wielding a +0 giant spiked club.
Found a stone staircase leading up.
An ogre is nearby!
An ogre is nearby!
Throw: 9 darts (poison)
Press: ? - help, Shift-Dir - straight line, f - ogre
Aim: an ogre, wielding a +0 giant spiked club (71% to hit)
You throw a poisoned dart.
The poisoned dart barely misses the ogre.
Unknown command.
You sock the ogre!
The ogre is heavily wounded.
The ogre barely misses you.
You hit the ogre.
The ogre is severely wounded.
The ogre hits you with a +0 giant spiked club!
You hit the ogre.
The ogre is severely wounded.
The ogre barely misses you.
You hit the ogre but do no damage.
The ogre is severely wounded.
You barely miss the ogre.
The ogre is severely wounded.
You block the ogre's attack.
A quokka comes into view.
You hit the ogre but do no damage.
The ogre is severely wounded.
The ogre hits you with a +0 giant spiked club!!
Ouch! That really hurt!
You die...

#.### ### #.#..
..# #.#.# #.#
#.#.####.#
##.#.#....########
#.................
#..#.###..@O.....(
#...........####..
#<.#.##..........
#.†#.##..........
#....##...........
#....##...!.......
#.....+........<..
#....##...........
#..####..........


You could see an ogre.

Vanquished Creatures
  An iguana (D:3)
  4 adders
  An ufetubus (D:4)
  3 worms
  An orc (D:3)
  9 bats
  7 endoplasms
  2 giant cockroaches
  7 goblins
  8 hobgoblins
  3 jackals
  4 quokkas
  8 ball pythons
  3 frilled lizards
  4 kobolds
  3 rats
68 creatures vanquished.

Vanquished Creatures (others)
  A plant (D:1)
1 creature vanquished.

Grand Total: 69 creatures vanquished

Notes
Turn   | Place    | Note
-------+----------+-------------------------------------------
     0 | D:1      | MisterFreud the Gargoyle Fighter began the quest for the
                  | Orb.
     0 | D:1      | Reached XP level 1. HP: 14/14 MP: 1/1
    55 | D:1      | Reached XP level 2. HP: 1/19 MP: 2/2
   393 | D:1      | Reached skill level 3 in Maces & Flails
   739 | D:1      | Reached XP level 3. HP: 14/23 MP: 3/3
   901 | D:1      | Found a faded altar of an unknown god.
   918 | D:1      | Prayed at the altar of an unknown god.
   918 | D:1      | Became a worshipper of Vehumet
   918 | D:1      | Reached * piety under Vehumet
   918 | D:1      | Offered knowledge of Foxfire by Vehumet.
  1311 | D:2      | Reached skill level 4 in Maces & Flails
  1334 | D:2      | Reached XP level 4. HP: 15/28 MP: 4/4
  1543 | D:2      | Found Hanat's Assorted Antiques.
  1547 | D:2      | Bought a scroll labelled YVIM ETIKAMAI for 16 gold pieces
  1547 | D:2      | Bought a scroll labelled ERUABO FIJIM for 16 gold pieces
  1547 | D:2      | Bought a scroll labelled YVIM ETIKAMAI for 16 gold pieces
  1766 | D:2      | Offered knowledge of Static Discharge by Vehumet.
  2024 | D:3      | Reached ** piety under Vehumet
  3078 | D:3      | Reached skill level 5 in Maces & Flails
  3078 | D:3      | Reached XP level 5. HP: 18/32 MP: 5/5
  3284 | D:4      | Noticed an ogre
  3293 | D:4      | Mangled by an ogre

Illustrated notes

Levels and vault maps discovered:
D:1:      minmay_arrival_arboretum_small, layout_rooms,
          dreamdust_ecumenical_altar_grove
D:2:      minmay_chambers_of_ones, layout_rooms, serial_shops,
          nicolae_shop_statue_plus, minmay_randomly_rotated_circles
D:3:      layout_loops_corners, minmay_misc_feat_alley
D:4:      layout_basic, temple_pool_b, uniq_duvessa, uniq_menkaure

Skill      XL: |  1  2  3  4 |
---------------+-------------+-----
Maces & Flails | 3 4 5 |  5.3
Fighting       | |  3.2
Armour         | |  3.2
Shields        | |  3.2

Action                   |  1- 3 |  4- 6 || total
-------------------------+-------+-------++-------
Melee: Flail             |   124 |    91 ||   215
Throw: Dart              |       |     1 ||     1
  Use: Scroll            |       |     7 ||     7
Armor: Scale mail        |   103 |    49 ||   152
Dodge: Dodged            |    93 |    39 ||   132
Block: Buckler           |    41 |    16 ||    57
